Jets vs Sabres
Created - 25 mars 2017 at 19:24
Goals
|
| Jets |
1 |
0 |
0 |
1 |
| Sabres |
1 |
1 |
2 |
4 |
|
Shots
|
| Jets |
9 |
5 |
11 |
25 |
| Sabres |
10 |
5 |
10 |
25 |
|
1st period
1. Jets , Derek Roy 27 (Dustin Brown, Jussi Jokinen) at 2:42
2. Sabres , Ryan O'Reilly 12 (Jaromir Jagr) at 17:52
Penalties :
Jussi Jokinen (Win) for High sticking (Minor) at 7:26, Brandon Sutter (Buf) for Tripping (Minor) at 12:23, Blake Wheeler (Win) for Tripping (Minor) at 19:00
2nd period
3. Sabres , Ryan O'Reilly 13 (Zack Kassian, Michael Kostka) at 0:32 (PP)
Penalties :
Michael Rupp (Win) for Interference (Minor) at 4:01, Erik Christensen (Buf) for Hooking (Minor) at 12:22, Kyle Okposo (Buf) for Hooking (Minor) at 18:16
3rd period
4. Sabres , Evander Kane 24 (Brandon Sutter) at 5:53
5. Sabres , Mike Leclerc 7 (Patrik Elias) at 17:28
Penalties :
Tyler Myers (Win) for Slashing (Minor) at 13:48, Jussi Jokinen (Win) for High sticking (Minor) at 19:21
Goalie Stats
Jacob Markstrom (Win), 21 saves from 25 shots - (0,840), L, 11-9-3, 60:00 minutes
Jonas Hiller (Buf), 24 saves from 25 shots - (0,960), W, 5-5-1, 60:00 minutes
Players Stats for Jets
Player Name G A P +/- PIM S H SB GA TA FO MP PP MP PK MP
------------------------------------------------------------------------------------
Anton Volchenkov 0 0 0 1 0 1 1 2 0 0 0/0 27:57 3:30 5:30
Benoit Pouliot 0 0 0 0 0 5 2 1 0 1 0/0 18:37 3:25 0:49
Blake Wheeler 0 0 0 -1 2 1 2 1 0 0 0/0 18:30 2:32 4:04
Derek Roy 1 0 1 0 0 4 1 2 0 0 13/27 21:48 3:25 3:34
Derek Stepan 0 0 0 -1 0 3 0 1 0 0 5/7 14:15 2:32 0:00
Dmitri Kalinin 0 0 0 -2 0 0 2 0 0 0 0/0 19:26 3:30 0:16
Dustin Brown 0 1 1 0 0 2 0 1 0 0 0/0 20:07 3:25 2:09
Eric Fehr 0 0 0 -1 0 1 0 0 1 0 1/1 12:29 0:00 0:00
Eric Gelinas 0 0 0 -2 0 0 1 2 0 0 0/0 10:16 0:00 0:00
Fredrik Sjostrom 0 0 0 0 0 0 0 0 0 0 0/0 6:55 0:00 0:00
James Wright 0 0 0 0 0 0 1 0 0 0 3/13 12:30 0:00 5:35
Jussi Jokinen 0 1 1 -1 4 1 2 0 0 0 0/0 15:03 2:32 0:00
Lee Stempniak 0 0 0 0 0 2 0 0 1 0 0/0 6:55 0:00 0:00
Marco Scandella 0 0 0 -1 0 1 3 0 0 1 0/0 18:04 2:27 2:37
Michael Rupp 0 0 0 -1 2 2 0 0 1 0 0/0 11:54 0:00 0:00
Michal Rozsival 0 0 0 1 0 0 1 0 0 0 0/0 20:56 0:00 3:48
Mikko Koivu 0 0 0 -1 0 1 1 0 0 0 2/5 12:32 0:00 0:03
Tyler Myers 0 0 0 -1 2 1 1 1 0 1 0/0 23:34 2:27 4:03
Players Stats for Sabres
Player Name G A P +/- PIM S H SB GA TA FO MP PP MP PK MP
------------------------------------------------------------------------------------
Brandon Sutter 0 1 1 1 2 2 0 0 0 0 8/19 13:58 0:00 0:00
Erik Christensen 0 0 0 0 2 0 2 0 0 0 10/16 15:52 4:40 0:00
Evander Kane 1 0 1 1 0 7 3 0 0 0 2/3 22:07 4:40 2:44
J.T. Miller 0 0 0 0 0 2 1 0 0 0 1/1 17:41 3:27 0:26
Jared Cowen 0 0 0 1 0 0 0 2 0 2 0/0 16:49 0:00 2:44
Jaromir Jagr 0 1 1 1 0 1 1 1 0 0 1/4 11:00 0:00 3:04
Jordan Leopold 0 0 0 1 0 1 1 1 1 0 0/0 19:07 3:00 2:32
Kyle Okposo 0 0 0 1 2 1 2 0 0 0 1/1 18:40 4:40 0:00
Matt Martin 0 0 0 1 0 0 2 0 0 0 1/1 11:42 0:00 0:00
Michael Kostka 0 1 1 1 0 1 1 2 1 0 0/0 19:20 5:07 0:00
Mike Leclerc 1 0 1 0 0 1 0 0 0 0 0/0 11:41 0:00 2:53
Patrice Cormier 0 0 0 0 0 1 0 0 0 0 1/2 8:47 0:00 0:00
Patrik Elias 0 1 1 0 0 0 4 0 0 0 0/0 8:56 0:00 0:09
Randy Jones 0 0 0 1 0 0 1 0 0 0 0/0 19:07 3:00 2:32
Rob Scuderi 0 0 0 0 0 0 2 2 0 1 0/0 21:33 0:00 3:25
Ryan O'Reilly 2 0 2 1 0 2 1 0 0 0 3/5 15:27 3:27 0:00
Zach Bogosian 0 0 0 0 0 4 3 3 0 0 0/0 24:04 5:07 0:41
Zack Kassian 0 1 1 0 0 2 2 2 1 0 1/1 18:09 3:27 2:38
3 Stars
1 - Ryan O'Reilly (Buf)
2 - Jonas Hiller (Buf)
3 - Evander Kane (Buf)
Power Play
Jets - 0 on 3 Attempt(s) - 0,00%
Sabres - 1 on 5 Attempt(s) - 20,00%
Penalty Kill
Jets - 4 on 5 Attempt(s) - 80,00%
- Score 0 goal in Penalty Kill
Sabres - 3 on 3 Attempt(s) - 100,00%
- Score 0 goal in Penalty Kill
Team Stat
Jets - Hits : 18 - Faceoff Wins : 24 - Blocked Shots : 11 - Penalty Minutes : 10
Sabres - Hits : 26 - Faceoff Wins : 29 - Blocked Shots : 13 - Penalty Minutes : 6
Official
Referees : VanMassenhoven Don and Charron Francis
Linesman : Jean Morin and Shane Heyer
Game Notes
Jaromir Jagr is injured at 2:32 of 3rd period (Lower Body)
Finance
Level 1 -- Attendance: 6000 (100,00%) -- Ticket Income 510 000 $
Level 2 -- Attendance: 4302 (86,04%) -- Ticket Income 215 100 $
Level 3 -- Attendance: 2000 (100,00%) -- Ticket Income 60 000 $
Level 4 -- Attendance: 3514 (87,85%) -- Ticket Income 70 280 $
Luxury Box -- Attendance: 1000 (100,00%) -- Ticket Income 160 000 $
Game was played at the Duff Garden.
Total Attendance: 16816 (93,42%)
Total Ticket Income: 1 015 380 $
Other Income: 152 307 $
Total Income: 1 167 687 $
Jets
5 vs 5 Forward
Center Left Wing Right Wing Time % Phy DF OF
1 Derek Roy Benoit Pouliot Dustin Brown 40 1 2 2
2 Derek Stepan Michael Rupp Blake Wheeler 30 1 2 2
3 Mikko Koivu Jussi Jokinen Eric Fehr 20 1 2 2
4 James Wright Lee Stempniak Fredrik Sjostrom 10 1 2 2
5 vs 5 Defense
Defense Defense Time % Phy DF OF
1 Michal Rozsival Anton Volchenkov 40 1 2 2
2 Dmitri Kalinin Tyler Myers 30 1 2 2
3 Eric Gelinas Marco Scandella 20 1 2 2
4 Marco Scandella Tyler Myers 10 1 2 2
PowerPlay Forward
Center Left Wing Right Wing Time % Phy DF OF
1 Derek Roy Benoit Pouliot Dustin Brown 60 1 0 4
2 Derek Stepan Jussi Jokinen Blake Wheeler 40 0 0 5
PowerPlay Defense
Defense Defense Time % Phy DF OF
1 Anton Volchenkov Dmitri Kalinin 60 0 1 4
2 Tyler Myers Marco Scandella 40 0 1 4
Penalty Kill 4 Players Forward
Center Wing Time % Phy DF OF
1 James Wright Blake Wheeler 60 0 4 1
2 Derek Roy Dustin Brown 40 0 4 1
Penalty Kill 4 Players Defense
Defense Defense Time % Phy DF OF
1 Anton Volchenkov Tyler Myers 60 1 2 2
2 Michal Rozsival Marco Scandella 40 1 2 2
Penalty Kill - 3 Players Forward
Forward Time % Phy DF OF
1 Blake Wheeler 60 0 5 0
2 James Wright 40 0 5 0
Penalty Kill - 3 Players Defense
Defense Defense Time % Phy DF OF
1 Anton Volchenkov Tyler Myers 60 0 5 0
2 Marco Scandella Michal Rozsival 40 0 5 0
4 vs 4 Forward
Center Wing Time % Phy DF OF
1 Derek Roy Benoit Pouliot 60 1 2 2
2 Mikko Koivu Dustin Brown 40 1 2 2
4 vs 4 Defense
Defense Defense Time % Phy DF OF
1 Anton Volchenkov Tyler Myers 60 1 2 2
2 Michal Rozsival Marco Scandella 40 1 2 2
Last Minutes Offensive
Center Left Wing Right Wing Defense Defense
Derek Roy Benoit Pouliot Dustin Brown Michal Rozsival Anton Volchenkov
Last Minutes Defensive
Center Left Wing Right Wing Defense Defense
Derek Roy Benoit Pouliot Dustin Brown Michal Rozsival Anton Volchenkov
Goaltenders
Starting : Jacob Markstrom
Backup : Kari Lehtonen
Extra Forwards
Normal : Dustin Brown, Benoit Pouliot, Derek Roy - PP : Dustin Brown, Benoit Pouliot - PK : Derek Roy
Extra Defensemen
Normal : Anton Volchenkov, Michal Rozsival, Tyler Myers - PP : Marco Scandella - PK : Michal Rozsival, Anton Volchenkov
Penalty Shots
Dustin Brown, Benoit Pouliot, Derek Roy, Blake Wheeler, James Wright
Sabres
5 vs 5 Forward
Center Left Wing Right Wing Time % Phy DF OF
1 Brandon Sutter Evander Kane Kyle Okposo 32 1 2 2
2 Erik Christensen J.T. Miller Zack Kassian 28 1 2 2
3 Ryan O'Reilly Matt Martin Jaromir Jagr 26 1 2 2
4 Patrice Cormier Patrik Elias Mike Leclerc 14 1 3 1
5 vs 5 Defense
Defense Defense Time % Phy DF OF
1 Rob Scuderi Zach Bogosian 40 1 3 1
2 Jordan Leopold Randy Jones 30 1 3 1
3 Michael Kostka Jared Cowen 30 1 3 1
4 Jordan Leopold Randy Jones 0 1 3 1
PowerPlay Forward
Center Left Wing Right Wing Time % Phy DF OF
1 Erik Christensen Evander Kane Kyle Okposo 60 1 1 3
2 Ryan O'Reilly J.T. Miller Zack Kassian 40 1 1 3
PowerPlay Defense
Defense Defense Time % Phy DF OF
1 Michael Kostka Zach Bogosian 65 1 2 2
2 Jordan Leopold Randy Jones 35 1 3 1
Penalty Kill 4 Players Forward
Center Wing Time % Phy DF OF
1 Jaromir Jagr Mike Leclerc 50 1 4 0
2 Evander Kane Zack Kassian 50 1 3 1
Penalty Kill 4 Players Defense
Defense Defense Time % Phy DF OF
1 Rob Scuderi Jared Cowen 65 1 4 0
2 Jordan Leopold Randy Jones 35 1 4 0
Penalty Kill - 3 Players Forward
Forward Time % Phy DF OF
1 Jaromir Jagr 60 0 5 0
2 Mike Leclerc 40 0 5 0
Penalty Kill - 3 Players Defense
Defense Defense Time % Phy DF OF
1 Rob Scuderi Jared Cowen 65 1 4 0
2 Jordan Leopold Randy Jones 35 1 4 0
4 vs 4 Forward
Center Wing Time % Phy DF OF
1 Erik Christensen Mike Leclerc 60 1 2 2
2 Evander Kane Zack Kassian 40 1 2 2
4 vs 4 Defense
Defense Defense Time % Phy DF OF
1 Rob Scuderi Zach Bogosian 50 1 2 2
2 Jordan Leopold Randy Jones 50 1 3 1
Last Minutes Offensive
Center Left Wing Right Wing Defense Defense
Erik Christensen Evander Kane Kyle Okposo Jordan Leopold Zach Bogosian
Last Minutes Defensive
Center Left Wing Right Wing Defense Defense
Brandon Sutter Mike Leclerc Jaromir Jagr Rob Scuderi Jared Cowen
Goaltenders
Starting : Jonas Hiller
Backup : Robin Lehner
Extra Forwards
Normal : Ryan O'Reilly, J.T. Miller, Evander Kane - PP : Brandon Sutter, Matt Martin - PK : J.T. Miller
Extra Defensemen
Normal : Jordan Leopold, Randy Jones, Zach Bogosian - PP : Jared Cowen - PK : Michael Kostka, Zach Bogosian
Penalty Shots
Evander Kane, Jaromir Jagr, Mike Leclerc, Erik Christensen, Zack Kassian
% Time on Ice - Jets
Lines # - Real PCT - Wanted PCT - Time Play
Normal Forward
1 - 32% - 40% - 14:35
2 - 26% - 30% - 11:57
3 - 27% - 20% - 12:29
4 - 15% - 10% - 6:55
Normal Defense
1 - 43% - 40% - 19:57
2 - 30% - 30% - 13:40
3 - 21% - 20% - 9:41
4 - 6% - 10% - 2:38
PP Forward
1 - 57% - 60% - 3:25
2 - 43% - 40% - 2:32
PP Defense
1 - 59% - 60% - 3:30
2 - 41% - 40% - 2:27
PK Forward
1 - 74% - 60% - 5:58
2 - 26% - 40% - 2:09
PK Defense
1 - 68% - 60% - 5:30
2 - 32% - 40% - 2:37
PK3 Forward
1 - 0% - 60%
2 - 0% - 40%
PK3 Defense
1 - 0% - 60%
2 - 0% - 40%
44 Forward
1 - 0% - 60%
2 - 0% - 40%
44 Defense
1 - 0% - 60%
2 - 0% - 40%
Last Minute Offensive - 0:00
Last Minute Defensive - 0:00
Total
Forward - 60:00
Defense - 60:00
|
% Time on Ice - Sabres
Lines # - Real PCT - Wanted PCT - Time Play
Normal Forward
1 - 31% - 32% - 14:01
2 - 25% - 28% - 11:26
3 - 25% - 26% - 11:42
4 - 19% - 14% - 8:47
Normal Defense
1 - 40% - 40% - 18:32
2 - 30% - 30% - 13:35
3 - 30% - 30% - 13:49
4 - 0% - 0% - 0:00
PP Forward
1 - 57% - 60% - 4:40
2 - 43% - 40% - 3:27
PP Defense
1 - 63% - 65% - 5:07
2 - 37% - 35% - 3:00
PK Forward
1 - 52% - 50% - 3:04
2 - 48% - 50% - 2:53
PK Defense
1 - 57% - 65% - 3:25
2 - 43% - 35% - 2:32
PK3 Forward
1 - 0% - 60%
2 - 0% - 40%
PK3 Defense
1 - 0% - 65%
2 - 0% - 35%
44 Forward
1 - 0% - 60%
2 - 0% - 40%
44 Defense
1 - 0% - 50%
2 - 0% - 50%
Last Minute Offensive - 0:00
Last Minute Defensive - 0:00
Total
Forward - 60:00
Defense - 60:00
|
Play by Play
1st period
0:01 of 1st period - Derek Roy wins face-off versus Brandon Sutter in neutral zone.
0:26 of 1st period - Michal Rozsival is hit by J.T. Miller.
1:32 of 1st period - Snap shot by Brandon Sutter.
1:32 of 1st period - Stopped by Jacob Markstrom with a rebound.
1:34 of 1st period - Slapshot by Jordan Leopold.
1:34 of 1st period - Stopped by Jacob Markstrom with a rebound.
1:36 of 1st period - Wrist shot by Evander Kane.
1:36 of 1st period - Stopped by Jacob Markstrom with a rebound.
2:25 of 1st period - Icing by Eric Fehr.
2:26 of 1st period - Eric Fehr wins face-off versus Patrice Cormier in Jets zone.
2:26 of 1st period - Eric Fehr is hit by Rob Scuderi.
2:34 of 1st period - Snap shot by Derek Roy.
2:34 of 1st period - Shot Blocked by Rob Scuderi.
2:42 of 1st period - Snap shot by Derek Roy.
2:42 of 1st period - Goal by Derek Roy - Jets : 1 - Sabres : 0.
2:43 of 1st period - Derek Stepan wins face-off versus Brandon Sutter in neutral zone.
2:52 of 1st period - Slapshot by Derek Stepan.
2:52 of 1st period - Stopped by Jonas Hiller with a rebound.
3:08 of 1st period - J.T. Miller is hit by Benoit Pouliot and loses puck.
3:13 of 1st period - Wrist shot by Derek Roy.
3:13 of 1st period - Stopped by Jonas Hiller without a rebound.
3:14 of 1st period - Ryan O'Reilly wins face-off versus Derek Roy in Sabres zone.
3:23 of 1st period - Slapshot by Dustin Brown.
3:23 of 1st period - Shot Misses the Net.
3:46 of 1st period - Snap shot by Blake Wheeler.
3:46 of 1st period - Shot Misses the Net.
4:02 of 1st period - Snap shot by Evander Kane.
4:02 of 1st period - Deflect By Dmitri Kalinin.
4:02 of 1st period - Stopped by Jacob Markstrom with a rebound.
4:04 of 1st period - Snap shot by Brandon Sutter.
4:04 of 1st period - Shot Misses the Net.
4:06 of 1st period - Wrist shot by Brandon Sutter.
4:06 of 1st period - Stopped by Jacob Markstrom without a rebound.
4:07 of 1st period - Matt Martin wins face-off versus Derek Roy in Jets zone.
4:10 of 1st period - Wrist shot by Jaromir Jagr.
4:10 of 1st period - Shot Misses the Net.
5:17 of 1st period - Icing by Anton Volchenkov.
5:18 of 1st period - James Wright wins face-off versus Brandon Sutter in Jets zone.
6:11 of 1st period - Snap shot by Derek Roy.
6:11 of 1st period - Shot Misses the Net.
6:17 of 1st period - Snap shot by Dustin Brown.
6:17 of 1st period - Shot Misses the Net.
6:40 of 1st period - Tyler Myers is hit by Zach Bogosian and loses puck.
7:26 of 1st period - Minor Penalty to Jussi Jokinen for High sticking.
7:27 of 1st period - Erik Christensen wins face-off versus James Wright in Jets zone.
7:52 of 1st period - Snap shot by J.T. Miller.
7:52 of 1st period - Stopped by Jacob Markstrom without a rebound.
7:53 of 1st period - Ryan O'Reilly wins face-off versus James Wright in Jets zone.
7:58 of 1st period - Wrist shot by Zack Kassian.
7:58 of 1st period - Stopped by Jacob Markstrom with a rebound.
9:26 of 1st period - Penalty to Jussi Jokinen is over, Jussi Jokinen is back on ice.
9:44 of 1st period - Jared Cowen is hit by Mikko Koivu and loses puck.
9:57 of 1st period - Jared Cowen is hit by Marco Scandella and loses puck.
10:56 of 1st period - Rob Scuderi is hit by Anton Volchenkov and loses puck.
11:11 of 1st period - Dustin Brown is hit by Erik Christensen and loses puck.
11:23 of 1st period - Icing by Erik Christensen.
11:24 of 1st period - Brandon Sutter wins face-off versus Mikko Koivu in Sabres zone.
11:24 of 1st period - Brandon Sutter is hit by Michal Rozsival.
11:53 of 1st period - Blake Wheeler is hit by Zack Kassian and loses puck.
12:02 of 1st period - Derek Stepan is hit by Zack Kassian and loses puck.
12:15 of 1st period - Wrist shot by Benoit Pouliot.
12:15 of 1st period - Shot Misses the Net.
12:17 of 1st period - Snap shot by Derek Roy.
12:17 of 1st period - Stopped by Jonas Hiller without a rebound.
12:18 of 1st period - Derek Roy wins face-off versus Brandon Sutter in Sabres zone.
12:21 of 1st period - Snap shot by Benoit Pouliot.
12:21 of 1st period - Stopped by Jonas Hiller with a rebound.
12:23 of 1st period - Minor Penalty to Brandon Sutter for Tripping.
12:24 of 1st period - Derek Roy wins face-off versus Jaromir Jagr in Sabres zone.
12:55 of 1st period - Snap shot by Derek Stepan.
12:55 of 1st period - Stopped by Jonas Hiller with a rebound.
13:20 of 1st period - Evander Kane is hit by Derek Roy and loses puck.
14:17 of 1st period - Rob Scuderi is hit by Benoit Pouliot and loses puck.
14:23 of 1st period - Penalty to Brandon Sutter is over, Brandon Sutter is back on ice.
14:34 of 1st period - James Wright is hit by Jordan Leopold and loses puck.
14:47 of 1st period - Mikko Koivu is hit by Matt Martin and loses puck.
15:15 of 1st period - Michael Kostka is hit by Blake Wheeler and loses puck.
15:39 of 1st period - Jussi Jokinen is hit by Randy Jones and loses puck.
15:54 of 1st period - Michael Kostka is hit by Blake Wheeler and loses puck.
16:36 of 1st period - Zack Kassian is hit by Eric Gelinas.
17:50 of 1st period - Snap shot by Ryan O'Reilly.
17:50 of 1st period - Shot Misses the Net.
17:52 of 1st period - Wrist shot by Ryan O'Reilly.
17:52 of 1st period - Goal by Ryan O'Reilly - Jets : 1 - Sabres : 1.
17:53 of 1st period - Derek Roy wins face-off versus Brandon Sutter in neutral zone.
17:56 of 1st period - Slapshot by Benoit Pouliot.
17:56 of 1st period - Stopped by Jonas Hiller without a rebound.
17:57 of 1st period - Derek Roy wins face-off versus Evander Kane in Sabres zone.
18:02 of 1st period - Snap shot by Derek Roy.
18:02 of 1st period - Shot Misses the Net.
18:04 of 1st period - Snap shot by Dustin Brown.
18:04 of 1st period - Stopped by Jonas Hiller with a rebound.
18:26 of 1st period - Snap shot by Michael Rupp.
18:26 of 1st period - Stopped by Jonas Hiller without a rebound.
18:27 of 1st period - Derek Stepan wins face-off versus Erik Christensen in Sabres zone.
18:30 of 1st period - Snap shot by Blake Wheeler.
18:30 of 1st period - Shot Misses the Net.
18:32 of 1st period - Slapshot by Michal Rozsival.
18:32 of 1st period - Deflect By Derek Stepan.
18:32 of 1st period - Shot Blocked by Zack Kassian.
18:32 of 1st period - Puck is out of play.
18:33 of 1st period - Derek Roy wins face-off versus Brandon Sutter in Sabres zone.
18:40 of 1st period - Michal Rozsival is hit by Kyle Okposo and loses puck.
19:00 of 1st period - Minor Penalty to Blake Wheeler for Tripping.
19:01 of 1st period - Evander Kane wins face-off versus James Wright in Jets zone.
19:01 of 1st period - Slapshot by Zach Bogosian.
19:01 of 1st period - Stopped by Jacob Markstrom without a rebound.
19:02 of 1st period - Erik Christensen wins face-off versus James Wright in Jets zone.
19:17 of 1st period - Slapshot by Kyle Okposo.
19:17 of 1st period - Stopped by Jacob Markstrom without a rebound.
19:18 of 1st period - James Wright wins face-off versus Erik Christensen in Jets zone.
Goals for this period are 1 for Jets vs 1 for Sabres.
Shots for this period are 9 for Jets vs 10 for Sabres.
2nd period
0:01 of 2nd period - Erik Christensen wins face-off versus Derek Roy in neutral zone.
0:30 of 2nd period - Snap shot by Zack Kassian.
0:30 of 2nd period - Shot Misses the Net.
0:32 of 2nd period - Snap shot by Ryan O'Reilly.
0:32 of 2nd period - Goal by Ryan O'Reilly - Jets : 1 - Sabres : 2.
0:33 of 2nd period - Derek Roy wins face-off versus Brandon Sutter in neutral zone.
0:38 of 2nd period - Snap shot by Dustin Brown.
0:38 of 2nd period - Shot Blocked by Zach Bogosian.
0:40 of 2nd period - Snap shot by Dustin Brown.
0:40 of 2nd period - Stopped by Jonas Hiller with a rebound.
0:50 of 2nd period - Snap shot by Benoit Pouliot.
0:50 of 2nd period - Shot Blocked by Zach Bogosian.
1:04 of 2nd period - Off-side.
1:05 of 2nd period - Erik Christensen wins face-off versus Mikko Koivu in neutral zone.
1:20 of 2nd period - Wrist shot by Mikko Koivu.
1:20 of 2nd period - Shot Misses the Net.
1:32 of 2nd period - Michal Rozsival is hit by Jaromir Jagr and loses puck.
1:37 of 2nd period - Slapshot by Jaromir Jagr.
1:37 of 2nd period - Stopped by Jacob Markstrom without a rebound.
1:38 of 2nd period - Kyle Okposo wins face-off versus Derek Roy in Jets zone.
1:45 of 2nd period - Wrist shot by Brandon Sutter.
1:45 of 2nd period - Shot Misses the Net.
1:55 of 2nd period - Snap shot by Dustin Brown.
1:55 of 2nd period - Shot Blocked by Zach Bogosian.
2:19 of 2nd period - Snap shot by Kyle Okposo.
2:19 of 2nd period - Shot Blocked by Eric Gelinas.
2:23 of 2nd period - Wrist shot by Evander Kane.
2:23 of 2nd period - Stopped by Jacob Markstrom without a rebound.
2:24 of 2nd period - Ryan O'Reilly wins face-off versus Derek Roy in Jets zone.
2:31 of 2nd period - Slapshot by Jaromir Jagr.
2:31 of 2nd period - Shot Misses the Net.
2:51 of 2nd period - Michal Rozsival is hit by Patrik Elias and loses puck.
2:58 of 2nd period - Zach Bogosian is hit by Dmitri Kalinin and loses puck.
3:30 of 2nd period - Icing by Tyler Myers.
3:31 of 2nd period - Mikko Koivu wins face-off versus Ryan O'Reilly in Jets zone.
4:01 of 2nd period - Minor Penalty to Michael Rupp for Interference.
4:02 of 2nd period - Erik Christensen wins face-off versus James Wright in Jets zone.
4:14 of 2nd period - Slapshot by Zach Bogosian.
4:14 of 2nd period - Stopped by Jacob Markstrom with a rebound.
4:52 of 2nd period - Icing by Randy Jones.
4:53 of 2nd period - Erik Christensen wins face-off versus James Wright in Sabres zone.
5:49 of 2nd period - J.T. Miller is hit by Tyler Myers and loses puck.
6:01 of 2nd period - Penalty to Michael Rupp is over, Michael Rupp is back on ice.
6:43 of 2nd period - James Wright is hit by Matt Martin and loses puck.
6:54 of 2nd period - Slapshot by Dmitri Kalinin.
6:54 of 2nd period - Shot Blocked by Michael Kostka.
6:56 of 2nd period - Snap shot by Derek Roy.
6:56 of 2nd period - Shot Misses the Net.
6:58 of 2nd period - Slapshot by Tyler Myers.
6:58 of 2nd period - Deflect By Derek Roy.
6:58 of 2nd period - Shot Blocked by Jared Cowen.
6:58 of 2nd period - Puck is out of play.
6:59 of 2nd period - Derek Roy wins face-off versus Erik Christensen in Sabres zone.
8:52 of 2nd period - Michael Kostka is hit by Jussi Jokinen and loses puck.
9:07 of 2nd period - Jared Cowen is hit by Dmitri Kalinin and loses puck.
9:44 of 2nd period - Patrice Cormier is hit by James Wright and loses puck.
10:31 of 2nd period - Matt Martin is hit by Marco Scandella and loses puck.
10:46 of 2nd period - Benoit Pouliot is hit by Michael Kostka and loses puck.
11:35 of 2nd period - Mikko Koivu is hit by Erik Christensen and loses puck.
11:59 of 2nd period - Icing by Anton Volchenkov.
12:00 of 2nd period - Brandon Sutter wins face-off versus Derek Stepan in Jets zone.
12:11 of 2nd period - Slapshot by Evander Kane.
12:11 of 2nd period - Shot Blocked by Derek Stepan.
12:22 of 2nd period - Minor Penalty to Erik Christensen for Hooking.
12:23 of 2nd period - Zack Kassian wins face-off versus Derek Roy in Sabres zone.
13:36 of 2nd period - Derek Roy is hit by Evander Kane and loses puck.
14:22 of 2nd period - Penalty to Erik Christensen is over, Erik Christensen is back on ice.
14:40 of 2nd period - Wrist shot by James Wright.
14:40 of 2nd period - Shot Misses the Net.
14:52 of 2nd period - Jared Cowen is hit by Jussi Jokinen and loses puck.
15:34 of 2nd period - Snap shot by Mikko Koivu.
15:34 of 2nd period - Stopped by Jonas Hiller with a rebound.
16:06 of 2nd period - Slapshot by Michal Rozsival.
16:06 of 2nd period - Shot Misses the Net.
16:21 of 2nd period - Icing by Michal Rozsival.
16:22 of 2nd period - Mikko Koivu wins face-off versus Brandon Sutter in Jets zone.
16:52 of 2nd period - Slapshot by Zack Kassian.
16:52 of 2nd period - Shot Misses the Net.
16:54 of 2nd period - Snap shot by Erik Christensen.
16:54 of 2nd period - Shot Misses the Net.
17:36 of 2nd period - Mikko Koivu is hit by Zach Bogosian and loses puck.
17:40 of 2nd period - Icing by Jussi Jokinen.
17:41 of 2nd period - Brandon Sutter wins face-off versus Mikko Koivu in Jets zone.
17:46 of 2nd period - Snap shot by Evander Kane.
17:46 of 2nd period - Stopped by Jacob Markstrom with a rebound.
18:06 of 2nd period - Wrist shot by Eric Fehr.
18:06 of 2nd period - Stopped by Jonas Hiller with a rebound.
18:08 of 2nd period - Slapshot by Anton Volchenkov.
18:08 of 2nd period - Stopped by Jonas Hiller with a rebound.
18:10 of 2nd period - Wrist shot by Jussi Jokinen.
18:10 of 2nd period - Stopped by Jonas Hiller with a rebound.
18:12 of 2nd period - Wrist shot by Mikko Koivu.
18:12 of 2nd period - Deflect By Jussi Jokinen.
18:12 of 2nd period - Shot Misses the Net.
18:12 of 2nd period - Puck is out of play.
18:13 of 2nd period - Derek Roy wins face-off versus Brandon Sutter in Sabres zone.
18:14 of 2nd period - Snap shot by Benoit Pouliot.
18:14 of 2nd period - Shot Misses the Net.
18:16 of 2nd period - Minor Penalty to Kyle Okposo for Hooking.
18:17 of 2nd period - Derek Roy wins face-off versus Jaromir Jagr in Sabres zone.
18:22 of 2nd period - Snap shot by Benoit Pouliot.
18:22 of 2nd period - Shot Blocked by Jared Cowen.
Goals for this period are 0 for Jets vs 1 for Sabres.
Shots for this period are 5 for Jets vs 5 for Sabres.
3rd period
0:01 of 3rd period - Jaromir Jagr wins face-off versus Derek Roy in neutral zone.
0:05 of 3rd period - Off-side.
0:06 of 3rd period - Derek Roy wins face-off versus Jaromir Jagr in neutral zone.
0:16 of 3rd period - Penalty to Kyle Okposo is over, Kyle Okposo is back on ice.
0:41 of 3rd period - Wrist shot by Kyle Okposo.
0:41 of 3rd period - Shot Misses the Net.
0:43 of 3rd period - Slapshot by Jared Cowen.
0:43 of 3rd period - Shot Blocked by Anton Volchenkov.
1:13 of 3rd period - Dmitri Kalinin is hit by Patrik Elias and loses puck.
1:46 of 3rd period - Snap shot by Benoit Pouliot.
1:46 of 3rd period - Deflect By Derek Roy.
1:46 of 3rd period - Stopped by Jonas Hiller with a rebound.
2:04 of 3rd period - Snap shot by Jaromir Jagr.
2:04 of 3rd period - Shot Misses the Net.
2:28 of 3rd period - Snap shot by Benoit Pouliot.
2:28 of 3rd period - Stopped by Jonas Hiller with a rebound.
2:32 of 3rd period - Slapshot by Benoit Pouliot.
2:32 of 3rd period - Shot Blocked by Jaromir Jagr.
2:32 of 3rd period - Jaromir Jagr from Sabres is injured at 2:32 of 3rd period (Lower Body).
2:33 of 3rd period - Brandon Sutter wins face-off versus Derek Roy in Sabres zone.
2:44 of 3rd period - Slapshot by Evander Kane.
2:44 of 3rd period - Stopped by Jacob Markstrom without a rebound.
2:45 of 3rd period - Derek Roy wins face-off versus Brandon Sutter in Jets zone.
2:45 of 3rd period - Derek Roy is hit by Rob Scuderi.
2:53 of 3rd period - Backhand shot by Benoit Pouliot.
2:53 of 3rd period - Shot Misses the Net.
2:55 of 3rd period - Slapshot by Tyler Myers.
2:55 of 3rd period - Stopped by Jonas Hiller with a rebound.
3:22 of 3rd period - Wrist shot by Blake Wheeler.
3:22 of 3rd period - Shot Blocked by Jordan Leopold.
3:32 of 3rd period - Eric Fehr is hit by Evander Kane and loses puck.
3:37 of 3rd period - Wrist shot by Evander Kane.
3:37 of 3rd period - Stopped by Jacob Markstrom with a rebound.
4:28 of 3rd period - Zach Bogosian is hit by Marco Scandella and loses puck.
5:17 of 3rd period - Snap shot by Patrice Cormier.
5:17 of 3rd period - Stopped by Jacob Markstrom without a rebound.
5:18 of 3rd period - Derek Stepan wins face-off versus Ryan O'Reilly in Jets zone.
5:18 of 3rd period - Derek Stepan is hit by Ryan O'Reilly.
5:44 of 3rd period - Benoit Pouliot is hit by Kyle Okposo and loses puck.
5:53 of 3rd period - Snap shot by Evander Kane.
5:53 of 3rd period - Goal by Evander Kane - Jets : 1 - Sabres : 3.
5:54 of 3rd period - Brandon Sutter wins face-off versus Derek Roy in neutral zone.
6:27 of 3rd period - Slapshot by Michael Rupp.
6:27 of 3rd period - Shot Blocked by Zack Kassian.
6:29 of 3rd period - Wrist shot by Michael Rupp.
6:29 of 3rd period - Stopped by Jonas Hiller without a rebound.
6:30 of 3rd period - Derek Stepan wins face-off versus Erik Christensen in Sabres zone.
6:33 of 3rd period - Wrist shot by Blake Wheeler.
6:33 of 3rd period - Shot Blocked by Rob Scuderi.
6:35 of 3rd period - Wrist shot by Blake Wheeler.
6:35 of 3rd period - Stopped by Jonas Hiller with a rebound.
7:23 of 3rd period - Snap shot by Jussi Jokinen.
7:23 of 3rd period - Deflect By Eric Fehr.
7:23 of 3rd period - Shot Misses the Net.
7:23 of 3rd period - Puck is out of play.
7:24 of 3rd period - J.T. Miller wins face-off versus Derek Roy in Sabres zone.
7:39 of 3rd period - Snap shot by Benoit Pouliot.
7:39 of 3rd period - Stopped by Jonas Hiller with a rebound.
7:41 of 3rd period - Wrist shot by Benoit Pouliot.
7:41 of 3rd period - Stopped by Jonas Hiller without a rebound.
7:42 of 3rd period - Derek Stepan wins face-off versus Brandon Sutter in Sabres zone.
7:55 of 3rd period - Snap shot by Michael Rupp.
7:55 of 3rd period - Shot Misses the Net.
8:46 of 3rd period - Slapshot by Anton Volchenkov.
8:46 of 3rd period - Shot Misses the Net.
8:48 of 3rd period - Slapshot by Fredrik Sjostrom.
8:48 of 3rd period - Deflect By Lee Stempniak.
8:48 of 3rd period - Stopped by Jonas Hiller with a rebound.
8:52 of 3rd period - Slapshot by Lee Stempniak.
8:52 of 3rd period - Stopped by Jonas Hiller with a rebound.
9:22 of 3rd period - Dmitri Kalinin is hit by Evander Kane and loses puck.
9:49 of 3rd period - Benoit Pouliot is hit by Zach Bogosian.
10:01 of 3rd period - Blake Wheeler is hit by Patrik Elias and loses puck.
10:51 of 3rd period - Off-side.
10:52 of 3rd period - Patrice Cormier wins face-off versus Derek Roy in neutral zone.
11:05 of 3rd period - Slapshot by Zach Bogosian.
11:05 of 3rd period - Stopped by Jacob Markstrom without a rebound.
11:06 of 3rd period - Brandon Sutter wins face-off versus Derek Roy in Jets zone.
11:07 of 3rd period - Snap shot by Evander Kane.
11:07 of 3rd period - Shot Blocked by Derek Roy.
12:54 of 3rd period - Snap shot by Derek Stepan.
12:54 of 3rd period - Stopped by Jonas Hiller without a rebound.
12:55 of 3rd period - Brandon Sutter wins face-off versus Derek Stepan in Sabres zone.
13:00 of 3rd period - Wrist shot by Derek Stepan.
13:00 of 3rd period - Shot Misses the Net.
13:02 of 3rd period - Wrist shot by Blake Wheeler.
13:02 of 3rd period - Shot Misses the Net.
13:04 of 3rd period - Slapshot by Marco Scandella.
13:04 of 3rd period - Stopped by Jonas Hiller without a rebound.
13:05 of 3rd period - Brandon Sutter wins face-off versus Derek Roy in Sabres zone.
13:38 of 3rd period - Snap shot by Erik Christensen.
13:38 of 3rd period - Shot Misses the Net.
13:40 of 3rd period - Wrist shot by Jared Cowen.
13:40 of 3rd period - Shot Misses the Net.
13:48 of 3rd period - Minor Penalty to Tyler Myers for Slashing.
13:49 of 3rd period - James Wright wins face-off versus Erik Christensen in Jets zone.
13:58 of 3rd period - Slapshot by James Wright.
13:58 of 3rd period - Shot Blocked by Michael Kostka.
14:22 of 3rd period - Slapshot by Zach Bogosian.
14:22 of 3rd period - Shot Blocked by Derek Roy.
14:28 of 3rd period - Slapshot by Zach Bogosian.
14:28 of 3rd period - Stopped by Jacob Markstrom without a rebound.
14:29 of 3rd period - Evander Kane wins face-off versus James Wright in Jets zone.
14:54 of 3rd period - Snap shot by Zach Bogosian.
14:54 of 3rd period - Shot Misses the Net.
14:56 of 3rd period - Snap shot by J.T. Miller.
14:56 of 3rd period - Stopped by Jacob Markstrom with a rebound.
15:00 of 3rd period - Slapshot by Zach Bogosian.
15:00 of 3rd period - Deflect By Zack Kassian.
15:00 of 3rd period - Stopped by Jacob Markstrom without a rebound.
15:01 of 3rd period - Erik Christensen wins face-off versus James Wright in Jets zone.
15:12 of 3rd period - Wrist shot by Erik Christensen.
15:12 of 3rd period - Shot Misses the Net.
15:14 of 3rd period - Backhand shot by Michael Kostka.
15:14 of 3rd period - Stopped by Jacob Markstrom without a rebound.
15:15 of 3rd period - Erik Christensen wins face-off versus James Wright in Jets zone.
15:48 of 3rd period - Penalty to Tyler Myers is over, Tyler Myers is back on ice.
17:09 of 3rd period - Snap shot by Zack Kassian.
17:09 of 3rd period - Shot Blocked by Tyler Myers.
17:28 of 3rd period - Slapshot by Mike Leclerc.
17:28 of 3rd period - Goal by Mike Leclerc - Jets : 1 - Sabres : 4.
17:29 of 3rd period - Erik Christensen wins face-off versus Derek Roy in neutral zone.
17:33 of 3rd period - Off-side.
17:34 of 3rd period - Derek Roy wins face-off versus Erik Christensen in neutral zone.
17:45 of 3rd period - Slapshot by Zach Bogosian.
17:45 of 3rd period - Shot Blocked by Benoit Pouliot.
17:47 of 3rd period - Snap shot by Zack Kassian.
17:47 of 3rd period - Shot Blocked by Eric Gelinas.
18:21 of 3rd period - Wrist shot by Mikko Koivu.
18:21 of 3rd period - Shot Misses the Net.
18:37 of 3rd period - Jussi Jokinen is hit by Patrik Elias and loses puck.
19:21 of 3rd period - Minor Penalty to Jussi Jokinen for High sticking.
19:22 of 3rd period - Erik Christensen wins face-off versus James Wright in Jets zone.
19:27 of 3rd period - Snap shot by Erik Christensen.
19:27 of 3rd period - Shot Blocked by Blake Wheeler.
19:29 of 3rd period - Snap shot by Evander Kane.
19:29 of 3rd period - Shot Blocked by Anton Volchenkov.
19:55 of 3rd period - Slapshot by Randy Jones.
19:55 of 3rd period - Shot Blocked by Dustin Brown.
19:57 of 3rd period - Wrist shot by Zack Kassian.
19:57 of 3rd period - Shot Misses the Net.
Goals for this period are 0 for Jets vs 2 for Sabres.
Shots for this period are 11 for Jets vs 10 for Sabres.
Back to the Top